 Dungeon Sprint DCSS version 0.31-a0-408-gb642c7f9a3 (webtiles) character file.

Game seed: 5912260825901517267

1 shakesphere1979 the Sneak (level 1, -6/16 HPs)
             Began as a Demonspawn Brigand on July 29, 2023.
             Mangled by a +7 spectral club (16 damage)
             ... created by Jessica
             ... in the Dungeon (Sprint III: "The Ten Rune Challenge").
             The game lasted 00:00:37 (45 turns).

shakesphere1979 the Sneak (Demonspawn Brigand)        Turns: 45, Time: 00:00:37

Health: -6/16      AC:  3    Str: 11    XL:     1   Next: 16%
Magic:  1/1        EV: 11    Int: 12    God:
Gold:   0          SH:  0    Dex: 14    Spells: 0/0 levels left

rFire   . . .        a - +2 dagger
rCold   . . .        (no shield)
rNeg    . . .        b - +0 robe
rPois   .            (no helmet)
rElec   .            c - +0 cloak
rCorr   .            (no gloves)
SInv    .            (no boots)
Will    .....        (no amulet)
Stlth   +++          (no ring)
HPRegen 0.22/turn    (no ring)
MPRegen 0.07/turn

%: no teleportation
@: no status effects
A: no striking features
a: no special abilities


You were in the Dungeon.
You visited 1 branch

Inventory:

Hand Weapons
 a - a +2 dagger (weapon)
Missiles
 d - 9 poisoned darts (quivered)
 e - 3 curare-tipped darts
Armour
 b - a +0 robe (worn)
 c - a +0 cloak (worn)
Jewellery
 m - a ring of poison resistance
Scrolls
 k - a scroll of blinking
 l - a scroll of identify {unknown}
Potions
 f - a potion of curing
 g - a potion of heal wounds
 h - a potion of haste
 i - 2 potions of magic
 j - a potion of berserk rage


   Skills:
 + Level 2.0 Fighting
 + Level 1.8 Short Blades
 + Level 2.0 Throwing
 + Level 0.8 Dodging
 + Level 4.0 Stealth


You couldn't memorise any spells.
You didn't know any spells.
Your spell library was empty.

Dungeon Overview and Level Annotations

Branches:
Dungeon (1/1)

Altars:

Annotations:
D Jessica


Message History

Welcome, shakesphere1979 the Demonspawn Brigand.
Press ? for a list of commands and other information.
Found a staircase leading out of the dungeon.
A rat comes into view.
You barely miss the rat. You closely miss the rat. The rat barely misses you.
You closely miss the rat. The rat bites you.
You hit the rat.
You kill the rat!
A rat comes into view.
Found a scroll labelled NUTUQOINUT.
The rat closely misses you.
You hit the rat.
You kill the rat!
Your Throwing skill increases to level 2!
Your Stealth skill increases to level 4!
Found a brass ring.
Jessica the Apprentice Sorceress comes into view.
She is wielding a +7 spectral club.
l - a scroll labelled NUTUQOINUT Jessica shouts!
You see here a ring of poison resistance.
m - a ring of poison resistance Jessica mumbles some strange words.
Jessica blinks!
You hit Jessica.
Jessica is lightly wounded.
Jessica hits you with a +7 spectral club.
The +7 spectral club hits you.
A +7 spectral club comes into view.
You hit Jessica.
Jessica is severely wounded.
The +7 spectral club hits you!
Ouch! That really hurt!
You die...

▓▓▓▓▓▓▓▓▓
▓<..#@..####
▓...#@(....##
▓..##.......#
▓##.##.##§..#
##.##.## ..#
▓#.####.# .#
▓.###..## #
▓#.....#
###..##


You could see a +7 spectral club and Jessica.

Vanquished Creatures
  2 rats (D)
2 creatures vanquished.

Notes
Turn   | Place    | Note
-------+----------+-------------------------------------------
     0 | D        | shakesphere1979 the Demonspawn Brigand began the quest for
                  | the Orb.
     0 | D        | Reached XP level 1. HP: 16/16 MP: 1/1
    16 | D        | Reached skill level 4 in Stealth
    21 | D        | Noticed Jessica
    45 | D        | Mangled by a +7 spectral club

Illustrated notes

Levels and vault maps discovered:
D:        dungeon_sprint_mu [sprint_mu_entry_cave, sprint_mu_temple_rooms,
          sprint_mu_d1_spiders, sprint_mu_d2_genie, sprint_mu_d3_branching,
          sprint_mu_orc_legion, sprint_mu_elf_gauntlet, sprint_mu_hive_nellie,
          sprint_mu_lair_fedhas, sprint_mu_vaults_butterflies,
          sprint_mu_slime_circle, sprint_mu_swamp_cave, sprint_mu_snake_twists,
          sprint_mu_blade_basic, sprint_mu_crypt_lich, sprint_mu_tomb_spiral,
          sprint_mu_vestibule_basic, sprint_mu_gehenna_hellfire,
          sprint_mu_dis_giant, sprint_mu_tartarus_statrot,
          sprint_mu_cocytus_islands, sprint_mu_zot1]

Skill      XL: |  1 |
---------------+----+-----
Throwing       | 2 |  2.0
Stealth        | 4 |  4.0
Fighting       | |  2.0
Short Blades   | |  1.8
Dodging        | |  0.8

Action                     || total
---------------------------++-------
  Melee: Dagger            ||     7
  Dodge: Dodged            ||     2

Table legend: (Time is in decaauts)
 A = Elapsed time spent in this place.
 B = Non-inter-level travel time spent in this place.
 C = Inter-level travel time spent in this place.
 D = Time resting spent in this place.
 E = Time spent auto-exploring this place.
 F = Levels seen in this place.
 G = Mean time per level.
                   A        B        C        D        E       F      G
               +--------+--------+--------+--------+--------+-----+--------+
         Total |     44 |     44 |      0 |      0 |      0 |   1 |   44.0 |
       Dungeon |     44 |     44 |      0 |      0 |      0 |   1 |   44.0 |
               +--------+--------+--------+--------+--------+-----+--------+

Top non-repeatable levels by time:
       D: 44 daAuts
